 Dungeon Crawl Stone Soup version 0.31-a0-479-g91c9547 (webtiles) character file.

Game seed: 9293537396340331352

441 Dorkslayer the Covered (level 7, -8/43 HPs)
             Began as a Gargoyle Fighter on Aug 6, 2023.
             Was an Initiate of Gozag.
             Engulfed by a cloud of flame (10 damage)
             ... in a bailey.
             The game lasted 00:08:55 (3053 turns).

Dorkslayer the Covered (Gargoyle Fighter)           Turns: 3053, Time: 00:08:55

Health: -8/43      AC: 16    Str: 19    XL:     7   Next: 2%
Magic:  7/7        EV:  8    Int:  9    God:    Gozag
Gold:   96         SH:  0    Dex: 11    Spells: 6/6 levels left

rFire   . . .        a - +0 war axe
rCold   . . .        (no shield)
rNeg    + . .        n - +0 chain mail
rPois   ∞            q - +0 helmet
rElec   +            (no cloak)
rCorr   .            e - +0 pair of gloves
SInv    .            (no boots)
Will    .....        (no amulet) Stlth
                     (no ring)
HPRegen 0.27/turn    (no ring)
MPRegen 0.10/turn

%: no passive effects
@: mighty, gold aura
A: sickness immunity, AC +4, negative energy resistance 1, electricity
resistance, torment resistance 1, petrification resistance
a: Renounce Religion, Potion Petition, Call Merchant, Bribe Branch


You were in a bailey.
You worshipped Gozag.
Gozag was noncommittal.
You visited 2 branches of the dungeon, and saw 6 of its levels.
You also visited: Sewer and Bailey.

You collected 135 gold pieces.
You paid 39 gold pieces to Gozag.

Inventory:

Hand Weapons
 a - a +0 war axe (weapon)
 t - a +4 orcbow
Missiles
 j - 4 boomerangs (quivered)
Armour
 c - a +0 buckler
 e - a +0 pair of gloves (worn)
 n - a +0 chain mail (worn)
 q - a +0 helmet (worn)
Scrolls
 b - a scroll of amnesia
 h - a scroll of torment
 m - a scroll of noise
Potions
 d - a potion of cancellation {unknown}
 f - a potion of attraction {unknown}
 g - 2 potions of ambrosia {unknown}
 k - a potion of lignification {unknown}
 l - 2 potions of enlightenment {unknown}
 o - a potion of berserk rage {unknown}
 p - a potion of resistance {unknown}
 r - 3 potions of curing {unknown}
 s - a potion of mutation {unknown}
 u - a potion of heal wounds {unknown}
 w - a potion of brilliance {unknown}


   Skills:
 + Level 4.0 Fighting
 + Level 3.6 Axes
 * Level 2.7 Ranged Weapons
 + Level 4.6 Armour
 * Level 2.3 Dodging
 + Level 3.7 Shields


You had 6 spell levels left.
You didn't know any spells.
Your spell library contained the following spells:

 Spells                   Type           Power      Damage    Failure   Level
 Gell's Gravitas          Tloc           0%         N/A       100%        3
 Teleport Other           Tloc           0%         N/A       100%        3
 Dispersal                Tloc           0%         N/A       100%        6


Dungeon Overview and Level Annotations

Branches:
Dungeon (7/15)             Temple (1/1) D:4           Sewer (visited)
 Bailey (1/1)

Altars:
Ashenzari
Cheibriados
Dithmenos
Fedhas
Gozag
Kikubaaqudgha
Nemelex Xobeh
Okawaru
Qazlal
Ru
Sif Muna
Trog
Vehumet
Wu Jian
Xom
Yredelemnul
Zin
The Shining One

Shops:
D:1 [   D:2 [


Innate Abilities, Weirdness & Mutations

You are immune to sickness and miasma.
Your stone body is resilient. (AC +4)
You are immune to poison.
You resist negative energy. (rN+)
You are resistant to electric shocks. (rElec)
You are resistant to unholy torment.
You are immune to petrification.


Message History

The orc shouts! x2; You hear a shout!
An orc warrior comes into view. It is wielding a +0 hand axe.
An orc comes into view. It is wielding a +0 war axe.
An orc warrior comes into view. It is wielding a +0 glaive.
The orc moves out of view.
You hear a shout!
An orc warrior comes into view. It is wielding a +0 spear.
An orc comes into view. It is wielding a +0 spear.
The orc shouts!
The orc warrior shouts! x2
An orc comes into view. It is wielding a +0 trident.
There is an open door here.
Okay, then.
Okay, then.
As you read the scroll of immolation, it crumbles to dust.
The creatures around you are filled with an inner flame!
Unknown command.
Throw: 4 boomerangs
Press: ? - help, Q - select action, (/) - cycle Shift-Dir - straight line, f - orc
Aim: an orc, wielding a +0 halberd (inner flame, 54% to hit)
You throw a boomerang.
The boomerang closely misses the orc. x2
The boomerang barely misses the orc warrior.
The orc hits you but does no damage. The orc barely misses you.
The orc hits you but does no damage. The orc attacks as you move away!
The orc barely misses you.
You slice the orc!!
The orc explodes!
The fiery explosion engulfs the orc!!!
The fiery explosion engulfs the orc warrior!!
The fiery explosion engulfs you!!!
Ouch! That really hurt!
* * * LOW HITPOINT WARNING * * *
The orc warrior explodes!
The fiery explosion engulfs the orc!!! x2; You feel a bit more experienced.
You hear an explosion!
The orc explodes! x2
The fiery explosion engulfs the orc!!
The orc explodes! x2
You are engulfed in blazing flames.
You die...
Your body crumbles into a pile of gold.

###### ############
#.....# ##........∩.#
...o.######.....#......
..o##..#@$$$#...$###.....
....8§§§$$$.$.....8.....∩
...##§§#§$$.#...$###.....
.o§§§######...$$#......
#..o§$# ##...$$...∩.#
###### ############


You could see an orc warrior (inner flame) and an orc (inner flame).

Vanquished Creatures
  Pargi (Sewer)
  2 orc warriors (Bailey)
  2 orc priests (D:4)
  An iguana (D:4)
  Jessica (D:2)
  Terence (D:2)
  An orc wizard (D:4)
  3 gnolls (D:2)
  5 adders
  3 worms
  4 dart slugs
  19 orcs
  5 endoplasms
  6 giant cockroaches
  4 goblins
  4 hobgoblins
  3 jackals (D:2)
  2 quokkas (D:2)
  8 ball pythons
  4 bats
  3 frilled lizards
  12 kobolds
94 creatures vanquished.

Notes
Turn   | Place    | Note
-------+----------+-------------------------------------------
     0 | D:1      | Dorkslayer the Gargoyle Fighter began the quest for the
                  | Orb.
     0 | D:1      | Reached XP level 1. HP: 14/14 MP: 1/1
   125 | D:1      | Found Uloepred's Armour Boutique.
   147 | D:1      | Reached XP level 2. HP: 18/19 MP: 2/2
   625 | D:1      | Reached XP level 3. HP: 20/23 MP: 3/3
   802 | D:2      | Reached skill level 1 in Dodging
   818 | D:2      | Found a radiant altar of Vehumet.
   854 | D:2      | Found Varyoz's Antique Armour Shop.
   997 | D:2      | Noticed Jessica
  1013 | D:2      | Reached XP level 4. HP: 24/28 MP: 4/4
  1016 | D:2      | Killed Jessica
  1099 | D:2      | Noticed Terence
  1116 | D:2      | Killed Terence
  1117 | D:2      | Reached XP level 5. HP: 28/33 MP: 5/5
  1770 | D:3      | Found a faded altar of an unknown god.
  1930 | D:3      | Found a basalt altar of Yredelemnul.
  2383 | D:4      | Found a glowing drain.
  2408 | D:4      | Reached skill level 1 in Ranged Weapons
  2416 | Sewer    | Entered a sewer
  2553 | Sewer    | Noticed Pargi
  2570 | Sewer    | Killed Pargi
  2571 | Sewer    | Reached XP level 6. HP: 23/38 MP: 6/6
  2644 | D:4      | Found a glowing golden altar of the Shining One.
  2755 | D:4      | Found a staircase to the Ecumenical Temple.
  2788 | Temple   | Entered the Ecumenical Temple
  2804 | Temple   | Became a worshipper of Gozag Ym Sagoz the Greedy
  3002 | D:4      | You fall into a shaft and drop 3 floors!
  3002 | D:7      | Found a flagged portal.
  3010 | Bailey   | Entered a bailey
  3027 | Bailey   | Reached XP level 7. HP: 39/43 MP: 7/7
  3053 | Bailey   | HP: 2/43 [spore (40)]
  3053 | Bailey   | Engulfed by a cloud of flame

Illustrated notes

Levels and vault maps discovered:
D:1:      mrwooster_arrival_statue, layout_basic, serial_shops, shop,
          minmay_misc_feat_hallway, dk_noncrumbling_4
D:2:      layout_loops_ring, serial_shops, shop, basic_altar, uniq_terence,
          uniq_jessica
D:3:      layout_basic, mainiacjoe_overflow_alcove_1,
          hellmonk_ecumenical_altar_arch_garden, kennysheep_decorative_pillar,
          chequers_serial_rivers_small_a, grunt_decor_resistance
D:4:      layout_cave_pools, nicolae_overflow_hidden_temple,
          minmay_temple_entry_large_hall, gup_sewer_entry_glass
D:7:      minmay_evil_eye, layout_rooms, nicolae_ossuary_entry_catacombs,
          enter_bailey_2, gammafunk_ghost_stat_death, hangedman_misty_isle
Temple:   nicolae_temple_elliptical
Bailey:   bailey_polearm_5, bailey

Skill      XL: |  1  2  3  4  5 |
---------------+----------------+-----
Axes           | 2 3 |  3.6
Dodging        | 1 2 |  2.3
Armour         | 4 |  4.6
Ranged Weapons | 2 |  2.7
Fighting       | 4 |  4.0
Shields        | |  3.7

Action                     |  1- 3 |  4- 6 |  7- 9 || total
---------------------------+-------+-------+-------++-------
  Melee: War axe           |    81 |   141 |     8 ||   230
         Punch             |       |     2 |     1 ||     3
   Fire: Orcbow            |       |    30 |       ||    30
  Throw: Boomerang         |       |       |     1 ||     1
    Use: Scroll            |       |     6 |     1 ||     7
         Potion            |       |     2 |       ||     2
 Armour: Scale mail        |    40 |     1 |       ||    41
         Chain mail        |       |   128 |     8 ||   136
  Dodge: Dodged            |    46 |    95 |     3 ||   144
  Block: Buckler           |    20 |    17 |       ||    37

Table legend: (Time is in decaauts)
 A = Elapsed time spent in this place.
 B = Non-inter-level travel time spent in this place.
 C = Inter-level travel time spent in this place.
 D = Time resting spent in this place.
 E = Time spent auto-exploring this place.
 F = Levels seen in this place.
 G = Mean time per level.
                   A        B        C        D        E       F      G
               +--------+--------+--------+--------+--------+-----+--------+
         Total |   3168 |   3168 |      0 |     50 |   1443 |   8 |  396.0 |
       Dungeon |   2869 |   2869 |      0 |      0 |   1443 |   5 |  573.8 |
        Temple |     32 |     32 |      0 |      0 |      0 |   1 |   32.0 |
         Sewer |    218 |    218 |      0 |     50 |      0 |   1 |  218.0 |
        Bailey |     47 |     47 |      0 |      0 |      0 |   1 |   47.0 |
               +--------+--------+--------+--------+--------+-----+--------+

Top non-repeatable levels by time:
     D:2: 845 daAuts
     D:1: 782 daAuts
     D:3: 780 daAuts
     D:4: 453 daAuts
   Sewer: 218 daAuts
  Bailey: 47 daAuts
  Temple: 32 daAuts
     D:7: 7 daAuts
